 Dungeon Crawl Stone Soup version 0.29-a0-962-gc8bbfd0a37 (webtiles) character file.

Game seed: 6691258046380871314

304 jlumianski the Chiller (level 6, -6/43 HPs)
             Began as a Demonspawn Ice Elementalist on July 30, 2022.
             Shot with an arrow by a centaur (10 damage)
             ... on level 5 of the Dungeon.
             The game lasted 00:19:21 (5708 turns).

jlumianski the Chiller (DsIE)                       Turns: 5708, Time: 00:19:21

Health: -6/43      AC:  4    Str:  8    XL:     6   Next: 15%
Magic:  8/11       EV: 12    Int: 18    God:
Gold:   198        SH:  0    Dex: 14    Spells: 1/11 levels left

rFire   . . .      SeeInvis .   A - staff of conjuration
rCold   . . .      Faith    .   (no shield)
rNeg    . . .      Spirit   .   a - +0 robe
rPois   .          Reflect  .   (no helmet)
rElec   .          Harm     .   (no cloak)
rCorr   .          Rampage  .   d - +0 pair of gloves
Will    .....                   p - +0 pair of boots
Stlth   ++........              (no amulet)
HPRegen 0.14/turn               (no ring)
MPRegen 0.12/turn               (no ring)

@: no status effects
A: ignite blood 1, demonic touch 1
a: no special abilities


You were on level 5 of the Dungeon.
You visited 1 branch of the dungeon, and saw 5 of its levels.

You collected 198 gold pieces.

Inventory:

Hand Weapons
 f - a +0 dagger
 j - a +0 short sword
 x - a +0 rapier
 z - a +1 long sword of draining
 D - a +1 dagger of pain
Missiles
 o - a throwing net
 q - 48 stones
Armour
 a - a +0 robe (worn)
 d - a +0 pair of gloves (worn)
 p - a +0 pair of boots (worn)
 s - the +2 chain mail of Kindness {Regen+ rCorr}
   (You found it on level 3 of the Dungeon)

   Regen:     It increases your rate of health regeneration.
   rCorr:     It protects you from acid and corrosion.
 w - a +0 leather armour
Magical Staves
 A - a staff of conjuration (weapon)
Wands
 c - a wand of paralysis (2)
Scrolls
 g - a scroll of blinking {unknown}
 l - 2 scrolls of enchant weapon {unknown}
 m - a scroll of poison {unknown}
 r - a scroll of magic mapping {unknown}
 u - a scroll of enchant armour {unknown}
 y - 2 scrolls of fog {unknown}
 B - a scroll of torment {unknown}
 C - a scroll of brand weapon {unknown}
Potions
 b - 2 potions of magic
 e - a potion of attraction
 h - a potion of cancellation
 i - a potion of degeneration
 k - a potion of heal wounds
 n - a potion of curing
 t - a potion of mutation
 v - a potion of haste


   Skills:
 + Level 1.4 Fighting
 + Level 1.1 Short Blades
 + Level 0.1(0.6) Long Blades
 * Level 0.4 Staves
 + Level 2.1 Dodging
 + Level 2.6 Stealth
 + Level 3.4 Spellcasting
 * Level 0.5 Conjurations
 + Level 5.0 Ice Magic


You had one spell level left.
You knew the following spells:

 Your Spells              Type           Power      Damage    Failure   Level
a - Freeze                Ice            84%        1d10      1%          1
b - Frozen Ramparts       Ice            42%        1d6       6%          3
c - Ozocubu's Armour      Ice            21%        N/A       6%          3
d - Mephitic Cloud        Conj/Pois/Air  5%         N/A       41%         3

Your spell library contained the following spells:

 Spells                   Type           Power      Damage    Failure   Level
 Magic Dart               Conj           28%        1d4       13%         1
 Call Imp                 Summ           3%         N/A       24%         2
 Hailstorm                Conj/Ice       19%        3d6       45%         4
 Ice Form                 Ice/Tmut       12%        N/A       50%         4
 Summon Ice Beast         Ice/Summ       12%        N/A       50%         4
 Summon Mana Viper        Hex/Summ       3%         N/A       99%         5
 Monstrous Menagerie      Summ           1%         N/A       100%        7


Dungeon Overview and Level Annotations

Branches:
Dungeon (5/15)
 Temple: D:4-7

Altars:
Ashenzari

Shops:
D:1 (   D:4 ?


Innate Abilities, Weirdness & Mutations

Your demonic aura sometimes causes spilled blood to erupt in flames.
Your touch may inflict minor irresistible damage on your foes.


Message History

The necrophage closely misses you. The necrophage hits you.
You hit the necrophage.
The necrophage is almost destroyed.
The necrophage hits you.
You hit the necrophage but do no damage.
The necrophage is almost destroyed.
The necrophage barely misses you.
You closely miss the necrophage.
The necrophage is almost destroyed.
The necrophage hits you.
You closely miss the necrophage.
The necrophage is almost destroyed.
The necrophage closely misses you.
You closely miss the necrophage.
The necrophage is almost destroyed.
The necrophage closely misses you. x2
You hit the necrophage. Your touch misses the necrophage.
The necrophage is almost destroyed.
The necrophage hits you but does no damage.
You closely miss the necrophage.
The necrophage is almost destroyed.
The necrophage barely misses you.
You barely miss the necrophage.
You touch the necrophage.
You destroy the necrophage!
Your Ice Magic skill increases to level 5!
You have reached level 6!
You see here a necrophage corpse.
Found 7 gold pieces.
You see here a +1 dagger of pain.
D - a +1 dagger of pain A centaur comes into view.
The centaur shouts!
The centaur wields a +0 shortbow.
The centaur shoots an arrow.
The arrow completely misses you.
The centaur shoots an arrow.
The arrow hits you!
The centaur shoots an arrow.
The arrow hits you!
The centaur shoots an arrow.
The arrow hits you!
* * * LOW HITPOINT WARNING * * *
The centaur shoots an arrow.
The arrow hits you!
You die...

##.<.†...#.##.......#
...###..##.....##.......#
##..#...................####
....#.......................
##.._.......................
....#....#..........#.......
....#..#.#..°.....#.#.......
..###.#...○......# #.......
##..@......#.#.......
##............#........<
........$.....#####+###+
..#..c.......... .
#.......###... ###.....# ...
#.....# .. #.....#


You could see a centaur.

Vanquished Creatures
  A necrophage (D:5)
  2 iguanas (D:4)
  3 adders
  6 gnolls (D:4)
  4 worms
  3 dart slugs
  6 bats
  8 endoplasms
  6 giant cockroaches
  13 goblins
  5 hobgoblins
  3 jackals
  6 kobolds
  4 quokkas
  6 ball pythons
  4 frilled lizards
  9 rats
89 creatures vanquished.

Vanquished Creatures (others)
  2 plants (D:3)
2 creatures vanquished.

Grand Total: 91 creatures vanquished

Notes
Turn   | Place    | Note
-------+----------+-------------------------------------------
     0 | D:1      | jlumianski the Demonspawn Ice Elementalist began the quest
                  | for the Orb.
     0 | D:1      | Reached XP level 1. HP: 13/13 MP: 3/3
   216 | D:1      | Found Akusoeso's Antique Weapon Shoppe.
   337 | D:1      | Reached skill level 4 in Ice Magic
   337 | D:1      | Gained mutation: Your touch may inflict minor irresistible
                  | damage on your foes. [demonic ancestry]
   337 | D:1      | Reached XP level 2. HP: 19/19 MP: 3/5
  1111 | D:2      | Found a faded altar of an unknown god.
  1430 | D:2      | Reached XP level 3. HP: 23/24 MP: 3/6
  1434 | D:2      | Learned a level 3 spell: Frozen Ramparts
  2846 | D:3      | Identified the +2 chain mail of Kindness {Regen+ rCorr}
  3243 | D:3      | Reached XP level 4. HP: 15/31 MP: 3/7
  3419 | D:3      | You fall into a shaft and drop 1 floor!
  3462 | D:4      | Found Odom's Magic Scroll Emporium.
  3787 | D:3      | Found a transporter.
  3789 | D:3      | Found a transporter.
  3903 | D:3      | Gained mutation: Your demonic aura sometimes causes spilled
                  | blood to erupt in flames. [demonic ancestry]
  3903 | D:3      | Reached XP level 5. HP: 34/36 MP: 5/9
  3907 | D:3      | Learned a level 3 spell: Ozocubu's Armour
  4964 | D:4      | Reached skill level 1 in Short Blades
  4993 | D:4      | Reached skill level 1 in Fighting
  5032 | D:5      | Entered Level 5 of the Dungeon
  5363 | D:4      | Learned a level 3 spell: Mephitic Cloud
  5670 | D:5      | Found a broken altar of Ashenzari.
  5696 | D:5      | Reached skill level 5 in Ice Magic
  5696 | D:5      | Reached XP level 6. HP: 31/43 MP: 7/11
  5708 | D:5      | Shot with an arrow by a centaur

Illustrated notes

Levels and vault maps discovered:
D:1:      lemuel_arrival_room, layout_loops_corners, serial_shops,
          nicolae_shop_waterfront, grunt_decor_cap, minmay_misc_feat_diagonals,
          minmay_ruptured
D:2:      wad_crossroads, layout_basic, nicolae_ecumenical_oubliette,
          minmay_misc_feat_iff, grunt_ministairs_11
D:3:      gammafunk_wand_slinger, layout_basic
D:4:      kennysheep_the_goblin_king, layout_basic, serial_shops, shop,
          uniq_menkaure
D:5:      layout_basic, cheibrodos_ashenzari_chains, vehumet_altar_wand_db

Skill      XL: |  1  2  3  4  5 |
---------------+----------------+-----
Ice Magic      | 4 5 |  5.0
Stealth        | 2 |  2.6
Dodging        | 2 |  2.1
Spellcasting   | 3 |  3.4
Short Blades   | 1 |  1.1
Fighting       | 1 |  1.4
Long Blades    | |  0.1
Staves         | |  0.4
Conjurations   | |  0.5

Action                   |  1- 3 |  4- 6 || total
-------------------------+-------+-------++-------
Melee: Unarmed           |     2 |       ||     2
       Short sword       |    56 |     4 ||    60
       Touch             |     9 |    11 ||    20
       Dagger            |     5 |       ||     5
       Rapier            |       |    30 ||    30
       Staff             |       |    19 ||    19
       Long sword        |       |     6 ||     6
 Cast: Freeze            |    43 |    15 ||    58
       Frozen Ramparts   |     8 |    13 ||    21
  Use: Potion            |     2 |       ||     2
       Scroll            |       |     5 ||     5
 Stab: Sleeping          |     7 |       ||     7
Armor: Robe              |    23 |    19 ||    42
Dodge: Dodged            |    74 |    33 ||   107

Table legend: (Time is in decaauts)
 A = Elapsed time spent in this place.
 B = Non-inter-level travel time spent in this place.
 C = Inter-level travel time spent in this place.
 D = Time resting spent in this place.
 E = Time spent auto-exploring this place.
 F = Levels seen in this place.
 G = Mean time per level.
                   A        B        C        D        E       F      G
               +--------+--------+--------+--------+--------+-----+--------+
         Total |   5729 |   5633 |     96 |    448 |   3720 |   5 | 1145.8 |
       Dungeon |   5729 |   5633 |     96 |    448 |   3720 |   5 | 1145.8 |
               +--------+--------+--------+--------+--------+-----+--------+

Top non-repeatable levels by time:
     D:3: 1948 daAuts
     D:2: 1542 daAuts
     D:1: 1263 daAuts
     D:4: 911 daAuts
     D:5: 63 daAuts
